 Dungeon Crawl Stone Soup version 0.31.0-11-ge490571c62 (webtiles) character file.

Game seed: 10317146337864193491

342 qw the Shooter (level 6, -3/34 HPs)
             Began as a Spriggan Hunter on Feb 4, 2024.
             Slain by a gnoll sergeant
             ... wielding a +0 spear
              (13 damage)
             ... on level 5 of the Dungeon.
             The game lasted 00:00:09 (3082 turns).

qw the Shooter (Spriggan Hunter)                    Turns: 3082, Time: 00:00:10

Health: -3/34      AC:  2    Str:  5    XL:     6   Next: 30%
Magic:  7/7        EV: 21    Int: 10    God:
Gold:   157        SH:  0    Dex: 21    Spells: 5/5 levels left

rFire   + . .        a - +4 shortbow
rCold   + . .        (shield currently unavailable)
rNeg    . . .        c - +0 robe
rPois   .            (helmet restricted)
rElec   .            l - scarf {rC+ rF+}
rCorr   .            (gloves unavailable)
SInv    +            (boots unavailable)
Will    +....        m - amulet of faith
Stlth   ++           (no ring)
HPRegen 0.25/turn    (no ring)
MPRegen 0.10/turn

%: faith
@: very quick
A: very small, no large weapons, unfitting armour, see invisible, speed 3,
robust 1, weak 1
a: no special abilities


You were on level 5 of the Dungeon.
You visited 1 branch of the dungeon, and saw 5 of its levels.

You collected 157 gold pieces.


Innate Abilities, Weirdness & Mutations

You are very small and have problems with some larger weapons.
You are too small for most types of armour.
You have supernaturally acute eyesight. (SInv)
You cover ground extremely quickly. (Speed+++)
You are robust. (+10% HP)
You are weak. (Str -2)


   Skills:
 - Level 2.3 Fighting
 - Level 6.1 Ranged Weapons
 + Level 5.9 Dodging
 - Level 1.5 Stealth


You had 5 spell levels left.
You didn't know any spells.
Your spell library was empty.

Inventory:

Hand Weapons
 a - a +4 shortbow (weapon)
Armour
 c - a +0 robe (worn)
 l - a scarf of resistance (worn)
Jewellery
 d - an amulet of the acrobat
 m - an amulet of faith (around neck)
Wands
 k - a wand of charming (13)
Scrolls
 j - a scroll of vulnerability {unknown}
Potions
 b - a potion of cancellation {unknown}
 e - a potion of haste
 f - a potion of enlightenment
 g - 2 potions of heal wounds
 h - a potion of mutation
 i - 3 potions of curing

Dungeon Overview and Level Annotations

Branches:
Dungeon (5/15)
 Temple: D:4-7

Altars:
Dithmenos
Wu Jian
Yredelemnul

Shops:
D:4 *


Message History

The arrow hits the gnoll!
You kill the gnoll!
You shoot an arrow. The arrow hits the gnoll sergeant.
The gnoll sergeant is lightly wounded.
A gnoll comes into view. It is wielding a +0 halberd.
A gnoll comes into view. It is wielding a +0 flail.
3067 ||| RETREEEEATING.
You shoot an arrow.
The arrow hits the gnoll sergeant but does no damage.
The gnoll sergeant is lightly wounded.
You shoot an arrow.
The arrow hits the gnoll sergeant but does no damage.
The gnoll sergeant is lightly wounded.
You shoot an arrow. The arrow hits the gnoll sergeant.
The gnoll sergeant is moderately wounded.
You shoot an arrow. The arrow hits the gnoll sergeant.
The gnoll sergeant is heavily wounded.
The gnoll sergeant hits you from afar with a +0 spear!
3072 ||| RETREEEEATING.
3073 ||| RETREEEEATING.
3074 ||| RETREEEEATING.
A hound comes into view.
Found a stone staircase leading up.
3075 ||| RETREEEEATING.
3076 ||| FLEEEEING.
3077 ||| RETREEEEATING.
You shoot an arrow.
The arrow barely misses the gnoll sergeant.
The gnoll sergeant completely misses you.
You shoot an arrow. The arrow hits the gnoll sergeant!
The gnoll sergeant is almost dead.
The gnoll sergeant hits you from afar with a +0 spear!
3080 ||| RETREEEEATING.
The gnoll completely misses you. x2
3081 ||| RETREEEEATING.
3082 ||| RETREEEEATING.
The gnoll completely misses you. The gnoll barely misses you.
The gnoll attacks as it pursues you! The gnoll closely misses you.
The gnoll sergeant hits you with a +0 spear!
You die...

######.. #......###
#......# #......#
#......# #>...<.# g
#####....g.####.)..
.......g.g.........
....###@####g##....
.## #g# ?# .
#.......# ##
#.###.### #.# #.#
#.# #h# #.#


You could see a gnoll sergeant, a hound (asleep) and 3 gnolls.

Vanquished Creatures
  2 scorpions
  A bombardier beetle (D:4)
  A hound (D:4)
  A jelly (D:4)
  A gnoll (D:5)
  6 adders
  4 dart slugs
  An orc (D:3)
  4 endoplasms
  2 giant cockroaches
  6 goblins
  5 hobgoblins
  2 jackals (D:1)
  4 ball pythons
  7 bats
  7 frilled lizards
  7 kobolds
  3 rats
64 creatures vanquished.

Notes
Turn   | Place    | Note
-------+----------+-------------------------------------------
     0 | D:1      | qw the Spriggan Hunter began the quest for the Orb.
     0 | D:1      | Reached XP level 1. HP: 10/10 MP: 2/2
     0 | D:1      | 0 ||| qw: Version: 0.3-a-160-g6735b56
     0 | D:1      | 0 ||| qw: Game counter: 5640
     0 | D:1      | 0 ||| qw: Melee chars always use a shield: true
     0 | D:1      | 0 ||| qw: God list: Okawaru
     0 | D:1      | 0 ||| qw: Allow faded altars: false
     0 | D:1      | 0 ||| qw: Do Orc after clearing Dungeon:15 true
     0 | D:1      | 0 ||| qw: Do second Lair branch before Depths: true
     0 | D:1      | 0 ||| qw: Lair rune preference: random
     0 | D:1      | 0 ||| qw: Goals: Normal
     0 | D:1      | 0 ||| PLANNING D:1-11
    20 | D:1      | Reached skill level 3 in Dodging
    61 | D:1      | Reached XP level 2. HP: 14/14 MP: 3/3
   685 | D:1      | 685 ||| READING 2 scrolls labelled NICUAQOXYMN.
   685 | D:1      | 685 ||| ENCHANTING +0 shortbow.
   686 | D:1      | 686 ||| READING scroll of enchant weapon.
   686 | D:1      | 686 ||| ENCHANTING +1 shortbow.
   687 | D:1      | 687 ||| READING scroll labelled LOIKIO ONE IHU.
   688 | D:1      | 688 ||| READING scroll labelled EBLOECKALE.
   689 | D:1      | 689 ||| READING scroll labelled YDOEL AHAN.
   690 | D:1      | 690 ||| READING 3 scrolls labelled FAEVIY UTWU.
   690 | D:1      | 690 ||| IDENTIFYING 2 red potions
   691 | D:1      | 691 ||| READING 2 scrolls of identify.
   691 | D:1      | 691 ||| IDENTIFYING 2 fuming white potions
   692 | D:1      | 692 ||| READING scroll of identify.
   692 | D:1      | 692 ||| IDENTIFYING 2 fuming grey potions
   693 | D:1      | 693 ||| DROPPING scroll of butterflies.
   695 | D:1      | 695 ||| Stepping ~*~*~tactically~*~*~ (cloud).
   696 | D:1      | 696 ||| DRINKING 2 potions of curing.
   696 | D:1      | 696 ||| (to cure poison)
   698 | D:1      | 698 ||| Stepping ~*~*~tactically~*~*~ (cloud).
   778 | D:2      | Reached XP level 3. HP: 18/18 MP: 4/4
   917 | D:2      | 917 ||| READING scroll of enchant weapon.
   917 | D:2      | 917 ||| ENCHANTING +2 shortbow.
  1172 | D:2      | 1172 ||| READING scroll of enchant weapon.
  1172 | D:2      | 1172 ||| ENCHANTING +3 shortbow.
  1532 | D:2      | 1532 ||| READING scroll labelled LOMIAF YSOK.
  1533 | D:2      | 1533 ||| DRINKING 2 emerald potions.
  1604 | D:3      | Found a shadowy altar of Dithmenos.
  1605 | D:3      | Found a basalt altar of Yredelemnul.
  1608 | D:3      | Found an ornate altar of the Wu Jian Council.
  1689 | D:3      | Identified the +4 short sword of the Wasteland {flame,
                  | rCorr MP-9 Int+2}
  1762 | D:3      | Noticed a scorpion
  1763 | D:3      | 1763 ||| DRINKING 2 potions of haste.
  1770 | D:3      | Killed a scorpion
  1771 | D:3      | Reached skill level 5 in Ranged Weapons
  1771 | D:3      | Reached XP level 4. HP: 22/22 MP: 5/5
  1988 | D:3      | Reached XP level 5. HP: 25/25 MP: 6/6
  2214 | D:3      | 2214 ||| READING scroll labelled SEIG QUOWKO.
  2215 | D:3      | 2215 ||| DRINKING 2 metallic inky potions.
  2216 | D:3      | 2216 ||| DRINKING 2 coppery potions.
  2216 | D:3      | Gained mutation: You are robust. (+10% HP) [potion of
                  | mutation]
  2216 | D:3      | Gained mutation: You are weak. (Str -2) [potion of
                  | mutation]
  2224 | D:3      | 2224 ||| DROPPING potion of attraction.
  2680 | D:4      | Reached skill level 6 in Ranged Weapons
  2680 | D:4      | Reached XP level 6. HP: 34/34 MP: 7/7
  2866 | D:4      | Found Anleumm's Fire Supplies.
  2887 | D:4      | 2887 ||| SHOPLISTING ring of fire (275 gold, have 157).
  2887 | D:4      | 2887 ||| SHOPLISTING ring of protection from fire (275
                  | gold, have 157).
  3006 | D:4      | 3006 ||| UPGRADING to scarf of resistance.
  3011 | D:4      | 3011 ||| UPGRADING to amulet of the acrobat.
  3016 | D:4      | 3016 ||| UPGRADING to amulet of faith.
  3026 | D:4      | 3026 ||| READING scroll labelled OWIJ XOOCUIHY.
  3052 | D:5      | Entered Level 5 of the Dungeon
  3067 | D:5      | 3067 ||| RETREEEEATING.
  3072 | D:5      | 3072 ||| RETREEEEATING.
  3073 | D:5      | 3073 ||| RETREEEEATING.
  3074 | D:5      | 3074 ||| RETREEEEATING.
  3075 | D:5      | 3075 ||| RETREEEEATING.
  3076 | D:5      | 3076 ||| FLEEEEING.
  3077 | D:5      | 3077 ||| RETREEEEATING.
  3080 | D:5      | 3080 ||| RETREEEEATING.
  3081 | D:5      | 3081 ||| RETREEEEATING.
  3082 | D:5      | 3082 ||| RETREEEEATING.
  3082 | D:5      | Slain by a gnoll sergeant

Levels and vault maps discovered:
D:1:      spicycebolla_arrival_clurvy, layout_basic, minmay_misc_feat_iff,
          minmay_tiny_reverse_x
D:2:      layout_loops_corners, minmay_misc_feat_square,
          minmay_misc_feat_encased
D:3:      layout_loops_ring, grunt_temple_overflow_open, serial_bayou_crossing
D:4:      layout_loops_cross, chequers_serial_rivers_small_a,
          nicolae_shop_fire_sale [nicolae_sub_dead_trees]
D:5:      layout_rooms

Skill      XL: |  1  2  3  4  5 |
---------------+----------------+-----
Dodging        | 3 4 5 |  5.9
Ranged Weapons | 5 6 |  6.1
Fighting       | 2 |  2.3
Stealth        | |  1.5

Action                     |  1- 3 |  4- 6 || total
---------------------------+-------+-------++-------
   Fire: Shortbow          |    90 |    53 ||   143
    Use: Scroll            |    11 |     2 ||    13
         Potion            |     3 |     2 ||     5
 Armour: Robe              |     2 |     4 ||     6
  Dodge: Dodged            |    11 |    13 ||    24

Table legend:
 A = Non-vault XP
 B = Vault XP
 C = Vault XP percentage of total XP
 D = Non-vault monster count
 E = Vault monster count
 F = Vault count percentage of total count
                 A         B        C        D         E       F
            +---------+---------+-------+---------+---------+-------
      Total |     484 |       5 |   1.0 |      62 |       2 |   3.1
            +---------+---------+-------+---------+---------+-------
        D:1 |      32 |       5 |  13.5 |      21 |       2 |   8.7
        D:2 |      39 |       0 |   0.0 |      17 |       0 |   0.0
        D:3 |     124 |       0 |   0.0 |       9 |       0 |   0.0
        D:4 |     275 |       0 |   0.0 |      14 |       0 |   0.0
        D:5 |      14 |       0 |   0.0 |       1 |       0 |   0.0
            +---------+---------+-------+---------+---------+-------
